 Dungeon Crawl Stone Soup version 0.18-a0-1685-g4482fe3 (webtiles) character file.

271 4thArraOfDagon the Chopper (level 6, 0/52 HPs)
             Began as a Hill Orc Gladiator on Apr 4, 2016.
             Was an Initiate of Cheibriados.
             Slain by an orc
             ... wielding a +0 whip
              (3 damage)
             ... on level 4 of the Dungeon.
             The game lasted 00:04:51 (912 turns).

4thArraOfDagon the Chopper (Hill Orc Gladiator)      Turns: 912, Time: 00:04:52

Health: 0/52       AC: 10    Str: 21    XL:     6   Next: 23%
Magic:  6/6        EV: 10    Int: 14    God:    Cheibriados [......]
Gold:   129        SH:  0    Dex: 12    Spells: 0 memorised, 5 levels left

rFire  . . .     SeeInvis .     a - +0 war axe
rCold  . . .     Gourm    .     o - +0 scale mail
rNeg   . . .     Faith    .     (no shield)
rPois  .         Spirit   .     c - +0 helmet
rElec  .         Dismiss  .     k - +1 cloak
rCorr  .         Reflect  .     (no gloves)
SustAt .         Harm     .     (no boots)
MR     +....                    (no amulet)
Stlth  ..........               (no ring)
                                e - ring of protection from magic

@: brilliant, very slow, somewhat resistant to hostile enchantments, extremely
unstealthy
A: no striking features
a: Bend Time, Renounce Religion


You were on level 4 of the Dungeon.
You worshipped Cheibriados.
Cheibriados was noncommittal.
You were hungry.

You visited 1 branch of the dungeon, and saw 6 of its levels.

You collected 129 gold pieces.

Inventory:

Hand Weapons
 a - a +0 war axe (weapon)
 g - a +0 blowgun
Missiles
 d - 2 throwing nets (quivered)
 h - 11 poisoned needles
Armour
 c - a +0 helmet (worn)
 k - a +1 cloak (worn)
 o - a +0 scale mail (worn)
Jewellery
 e - a ring of protection from magic (left hand)
Wands
 n - a wand of teleportation (6/9)
Scrolls
 m - 2 scrolls of enchant armour
Potions
 i - a potion of flight
Comestibles
 f - 2 bread rations
 j - 3 fruits
 q - a beef jerky


   Skills:
 + Level 4.1 Fighting
 * Level 6.9 Axes
 - Level 1.7 Throwing
 + Level 3.2 Armour
 - Level 2.4 Dodging


You had 5 spell levels left.
You didn't know any spells.

Dungeon Overview and Level Annotations

Branches:
Dungeon (6/15)
 Temple: D:4-7

Altars:
Cheibriados


Message History

The puff of flame misses you.
Unknown command.
Unknown command.
You slash something!
Cheibriados thoroughly appreciates the change of pace.
Reactivating autopickup.
Your Fighting skill increases to level 4!
You feel a bit more experienced.
Your scale mail prevents you from hitting the orc.
The orc is severely wounded.
The orc closely misses you.
Unknown command.
You hit the orc but do no damage.
The orc is severely wounded.
The orc closely misses you.
Unknown command.
You closely miss the orc.
The orc is severely wounded.
The orc hits you with a whip.
You die...

###### ################ #....# #
................ #....# . ..
................ #....#.. ....
........)o...... #.<..#.. #..
.......)@)...... #....+..
#..########'##########....#
#.........(....# #....#'####
#..............# #....#...).
#........(.....# #....+.....
#..............# #....#.....
#.......(......####....##+###
#####...)....##+#..............#
#..(.........# ..............#


You could see an orc.

Vanquished Creatures
  A centaur (D:4)
  A jelly (D:5)
  An orc wizard (D:4)
  An iron imp (D:5)
  An iguana (D:4)
  An adder (D:3)
  2 shadow imps (D:4)
  An adder skeleton (D:4)
  A worm (D:3)
  A dart slug (D:5)
  2 giant geckos
  6 orcs
  6 goblins
  A hobgoblin (D:2)
  2 jackals (D:4)
  6 bats
  A giant gecko skeleton (D:4)
  A giant newt (D:4)
  A jackal skeleton (D:4)
  4 kobolds
  2 rats
43 creatures vanquished.

Notes
Turn   | Place    | Note
--------------------------------------------------------------
     0 | D:1      | 4thArraOfDagon the Hill Orc Gladiator began the quest for the Orb.
     0 | D:1      | Reached XP level 1. HP: 18/18 MP: 1/1
    43 | D:1      | Reached skill level 1 in Armour
    54 | D:2      | Reached XP level 2. HP: 18/25 MP: 2/2
   296 | D:3      | Reached XP level 3. HP: 23/30 MP: 3/3
   339 | D:3      | Reached skill level 5 in Axes
   454 | D:5      | Entered Level 5 of the Dungeon
   634 | D:4      | Reached XP level 4. HP: 33/38 MP: 4/4
   668 | D:5      | Reached XP level 5. HP: 14/45 MP: 5/5
   691 | D:5      | Found a snail-covered altar of Cheibriados.
   707 | D:5      | Became a worshipper of Cheibriados the Contemplative
   765 | D:6      | Noticed an orc warrior
   811 | D:5      | Reached skill level 6 in Axes
   852 | D:4      | Noticed a centaur
   857 | D:4      | HP: 2/45 [centaur (2)]
   876 | D:4      | Killed a centaur
   876 | D:4      | Reached XP level 6. HP: 6/52 MP: 6/6
   908 | D:4      | HP: 2/52 [something/puff of flame (8)]
   912 | D:4      | Slain by an orc

Vault maps used:
D:1:      lightli_arrival_statuegarden, minmay_misc_feat_alley
D:2:      first_bread
D:3:      okawaru_gym_becter, grunt_pakellas_mercury
D:4:      eino_curves_03
D:5:      forest_paths, slow_altar_1, serial_shops, shop
D:6:      temple_fountains, uniq_eustachio, uniq_sigmund

Skill      XL: |  1  2  3  4  5  6 |
---------------+-------------------+-----
Armour         | 1 2 3 |  3.2
Axes           | 5 6 |  6.9
Fighting       | 3 4 |  4.1
Throwing       | |  1.7
Dodging        | |  2.4

Action                   |  1- 3 |  4- 6 || total
-------------------------+-------+-------++-------
Melee: War axe           |   100 |    57 ||   157
Throw: Throwing net      |     5 |     5 ||    10
  Use: Potion            |     3 |     3 ||     6
       Scroll            |       |     3 ||     3
 Stab: Held in net/web   |       |     1 ||     1
